 Dungeon Crawl Stone Soup version 0.28.0-1-gb440e238dd (webtiles) character file.

Game seed: 14785417597181319431

2001 noneguy the Carver (level 9, 0/72 HPs)
             Began as a Minotaur Fighter on Feb 19, 2022.
             Was a Priest of Lugonu.
             Killed from afar by an orc wizard (2 damage)
             ... with a magic dart
             ... on level 6 of the Dungeon.
             The game lasted 00:37:10 (7338 turns).

noneguy the Carver (Minotaur Fighter)               Turns: 7338, Time: 00:37:10

Health: 0/72       AC: 17    Str: 25    XL:     9   Next: 2%
Magic:  8/8        EV:  6    Int:  5    God:    Lugonu [***...]
Gold:   137        SH: 12    Dex: 10    Spells: 8/8 levels left

rFire   . . .      SeeInvis .   d - +3 falchion (venom)
rCold   . . .      Faith    .   k - +3 kite shield {rPois}
rNeg    . . .      Spirit   .   m - +0 plate armour
rPois   +          Reflect  .   (helmet restricted)
rElec   .          Harm     .   (no cloak)
rCorr   .          Rampage  .   e - +1 Delatra's gloves {ID++}
Will    .....                   p - +0 pair of boots
Stlth   ..........              (no amulet)
HPRegen 0.22/turn               (no ring)
MPRegen 0.11/turn               (no ring)

@: no status effects
A: horns 2, retaliatory headbutt
a: Renounce Religion, Depart the Abyss, Bend Space, Banish


You were on level 6 of the Dungeon.
You worshipped Lugonu.
Lugonu was most pleased with you.
You visited 2 branches of the dungeon, and saw 8 of its levels.

You collected 212 gold pieces.
You spent 75 gold pieces at shops.

Inventory:

Hand Weapons
 d - a +3 falchion of venom (weapon)
 j - a +1 trident of pain
 l - a +0 vorpal arbalest
Armour
 b - a +0 scale mail
 c - a +0 buckler
 e - the +1 Delatra's gloves (worn) {ID++}
   (You found it on level 3 of the Dungeon)

   It heals its wearer when they drink unknown potions.
   It restores its wearer's MP when they read unknown scrolls.
 k - a +3 kite shield of poison resistance (worn)
 m - a +0 plate armour (worn)
 p - a +0 pair of boots (worn)
Scrolls
 a - a scroll of enchant armour
 f - 3 scrolls of teleportation
 h - 6 scrolls of identify
 i - a scroll of amnesia
 q - a scroll of fog
Potions
 n - a potion of invisibility {unknown}
 o - a potion of mutation {unknown}


   Skills:
 + Level 4.6 Fighting
 * Level 8.0 Long Blades
 - Level 7.1 Polearms
 + Level 7.8 Armour
 + Level 2.0 Dodging
 - Level 1.0 Stealth
 + Level 5.7 Shields


You had 8 spell levels left.
You didn't know any spells.
Your spell library contained the following spells:

 Spells                   Type           Power      Damage    Failure   Level
 Sandblast                Erth           0%         2d4       100%        1
 Shock                    Conj/Air       0%         1d3       100%        1
 Passwall                 Tmut/Erth      0%         N/A       100%        2
 Stone Arrow              Conj/Erth      0%         3d7       100%        3
 Swiftness                Air            0%         N/A       100%        3
 Airstrike                Air            0%         N/A       100%        4


Dungeon Overview and Level Annotations

Branches:
Dungeon (7/15)             Temple (1/1) D:4

Altars:
Dithmenos
Elyvilon
Gozag
Hepliaklqana
Kikubaaqudgha
Makhleb
Nemelex Xobeh
Qazlal
Ru
Trog
Uskayaw
Vehumet
Xom
Yredelemnul
Zin
Lugonu

Shops:
D:3 (   D:4 ?


Innate Abilities, Weirdness & Mutations

You have a pair of horns on your head.
You reflexively headbutt those who attack you in melee.


Message History

You block the centaur zombie's attack. x2
You slash the centaur zombie!
The centaur zombie is almost destroyed.
The orc priest mumbles some strange prayers to Beogh against you.
Beogh smites you! You block the orc's attack.
You block the centaur zombie's attack.
The centaur zombie kicks you but does no damage.
The orc hits you but does no damage.
You slash the centaur zombie!
You destroy the centaur zombie!
Lugonu accepts your kill.
The orc hits you from afar with a +0 trident.
The orc priest miscasts a cantrip.
Your Long Blades skill increases to level 8!
The orc wizard shouts!
The orc wizard mumbles some strange words.
The orc wizard flickers and vanishes!
Deactivating autopickup; reactivate with Ctrl-A.
You hit the orc priest.
The orc priest is lightly wounded.
The orc priest hits you but does no damage.
You block the orc's attack.
The orc priest calls down the wrath of Beogh upon you.
Pain shoots through your body!
* * * LOW HITPOINT WARNING * * *
The orc hits you with a +0 trident.
* * * LOW HITPOINT WARNING * * *
The orc priest closely misses you. You furiously retaliate!
You headbutt the orc priest, but do no damage.
The orc priest mumbles some strange prayers to Beogh against you.
Beogh smites you!
* * * LOW HITPOINT WARNING * * *
The orc hits you but does no damage. You block something's attack.
The orc hits you but does no damage. Something hits you but does no damage.
You hit something but do no damage.
You hear some strange, mumbled words.
A magic dart appears from out of thin air!
The magic dart hits you.
You die...

.#.[.......##.###...
.#..........)......#
.#.#...##..<...##..
...#.#.##.#..####.#
..........#.....#.#########
....Z.##..................#
.(....##.#####............#
.........# ##oo..(......#
#.....#### ##@.........#
#.....# #####.{..>......#
#.....#####...#...........#
#.#..(..o.....#...........#
#.###..###....#.###########
# #........#[# # #....#.# #
#.##..# ############ #
#.....#####..........##


You could see an orc priest and an orc.

Vanquished Creatures
  Grinder (D:3)
  A water moccasin (D:5)
  An orc warrior (D:6)
  2 black bears (D:5)
  2 necrophages
  3 ice beasts
  An ogre (D:5)
  A phantom (D:4)
  A gnoll sergeant (D:4)
  2 bullfrogs (D:7)
  A scorpion (D:6)
  4 wights
  A centaur zombie (D:6)
  A jelly (D:5)
  2 orc priests (D:5)
  A hound (D:4)
  2 orc wizards (D:3)
  An iguana (D:5)
  3 gnolls (D:4)
  6 adders
  2 white imps
  A worm (D:2)
  A dart slug (D:2)
  17 orcs
  8 ball pythons
  5 endoplasms
  3 giant cockroaches
  5 goblins
  7 hobgoblins
  3 jackals (D:2)
  3 quokkas (D:1)
  2 bats (D:2)
  3 frilled lizards (D:1)
  4 kobolds
  7 rats
108 creatures vanquished.

Vanquished Creatures (others)
  2 plants (D:7)
2 creatures vanquished.

Grand Total: 110 creatures vanquished

Notes
Turn   | Place    | Note
-------+----------+-------------------------------------------
     0 | D:1      | noneguy the Minotaur Fighter began the quest for the Orb.
     0 | D:1      | Reached XP level 1. HP: 19/19 MP: 0/0
   228 | D:1      | Reached XP level 2. HP: 26/27 MP: 1/1
  1043 | D:2      | Found a faded altar of an unknown god.
  1080 | D:2      | Reached XP level 3. HP: 33/33 MP: 2/2
  1175 | D:2      | Prayed at the altar of an unknown god.
  1175 | D:2      | Became a worshipper of Lugonu the Unformed
  1175 | D:2      | Reached * piety under Lugonu
  1175 | D:2      | Reached ** piety under Lugonu
  2854 | D:3      | Noticed Grinder
  2864 | D:3      | Killed Grinder
  2865 | D:3      | Reached skill level 5 in Polearms
  2865 | D:3      | Reached skill level 5 in Armour
  2865 | D:3      | Reached XP level 4. HP: 23/40 MP: 3/3
  2865 | D:3      | Reached XP level 5. HP: 26/46 MP: 4/4
  3345 | D:3      | Noticed a +0 dagger
  3346 | D:3      | Noticed a +0 dagger
  3347 | D:3      | Found a hide-covered altar of Uskayaw.
  3555 | D:3      | Reached XP level 6. HP: 40/52 MP: 5/5
  3918 | D:3      | Found the +1 Delatra's gloves {ID++}
  4413 | D:3      | Found Jyrob's Antique Weapon Shoppe.
  4676 | D:4      | Found a staircase to the Ecumenical Temple.
  4686 | Temple   | Entered the Ecumenical Temple
  4800 | D:4      | Reached skill level 1 in Long Blades
  5139 | D:4      | Reached skill level 2 in Long Blades
  5139 | D:4      | Reached XP level 7. HP: 54/59 MP: 6/6
  5343 | D:4      | Found Balam's Magic Scroll Emporium.
  5351 | D:4      | Bought a scroll of enchant armour for 75 gold pieces
  5578 | D:5      | Entered Level 5 of the Dungeon
  5607 | D:5      | Reached *** piety under Lugonu
  5791 | D:5      | Reached skill level 3 in Long Blades
  5861 | D:5      | Reached skill level 1 in Dodging
  5896 | D:5      | Reached skill level 4 in Long Blades
  5912 | D:5      | Reached skill level 1 in Stealth
  5940 | D:5      | Reached XP level 8. HP: 66/66 MP: 7/7
  5991 | D:5      | Reached skill level 5 in Long Blades
  6185 | D:5      | Found a hazy altar of Hepliaklqana.
  6572 | D:5      | Reached skill level 6 in Long Blades
  6572 | D:5      | Reached skill level 5 in Shields
  6905 | D:6      | Reached skill level 7 in Long Blades
  7002 | D:6      | Found a stormy altar of Qazlal.
  7243 | D:7      | Reached XP level 9. HP: 29/72 MP: 8/8
  7330 | D:6      | Reached skill level 8 in Long Blades
  7336 | D:6      | HP: 2/72 [orc priest/divine providence (10)]
  7338 | D:6      | Killed from afar by an orc wizard

Illustrated notes

Levels and vault maps discovered:
D:1:      zelgadis_glass_arrival_small, layout_basic
D:2:      layout_rooms, hellmonk_ecumenical_altar_arch_garden,
          kennysheep_minor_cross
D:3:      layout_loops_ring, dancing_weapons_uskayaw, serial_shops,
          shop_fountains, pf_guarded_unrand_delatra, uniq_grinder
D:4:      layout_loops_ring, minmay_temple_entry_poolview, serial_shops,
          nicolae_stop_n_shop_2, chequers_serial_rivers_large_a,
          lightli_minifort
D:5:      layout_loops_ring, nzn_hepliaklqana_mist_gate,
          hangedman_decor_peaks_small
D:6:      layout_rooms, pf_just_have_faith, lightli_sewer_entry_pipes,
          ebering_ghost_inner_flame, uniq_sigmund
D:7:      layout_basic, serial_bayou_pond_a, st_stairs_13, kennysheep_cross_room
Temple:   eino_temple_lava

Skill      XL: |  1  2  3  4  5  6  7  8  9 |
---------------+----------------------------+-----
Armour         | 4 5 6 7 |  7.8
Fighting       | 4 |  4.6
Shields        | 4 5 |  5.7
Polearms       | 5 6 7 |  7.1
Long Blades    | 2 4 7 8 |  8.0
Dodging        | 1 2 |  2.0
Stealth        | 1 |  1.0

Action                   |  1- 3 |  4- 6 |  7- 9 || total
-------------------------+-------+-------+-------++-------
Melee: Trident           |    82 |    54 |       ||   136
       Headbutt          |    11 |    11 |    35 ||    57
       Falchion          |       |    48 |   146 ||   194
Invok: Bend Space        |       |       |     1 ||     1
  Use: Scroll            |     4 |     3 |     2 ||     9
       Potion            |     3 |     1 |     4 ||     8
Armor: Scale mail        |    27 |    31 |    14 ||    72
       Plate armour      |       |       |    53 ||    53
Dodge: Dodged            |    33 |    23 |    29 ||    85
Block: Buckler           |    12 |    17 |       ||    29
       Kite shield       |       |     3 |    99 ||   102
